 Dungeon Crawl Stone Soup version 0.21.1-1-g345015fe64 (webtiles) character file.

60 Delanovic the Twirler (level 3, -8/30 HPs)
             Began as a Minotaur Gladiator on Apr 28, 2018.
             Mangled by Norrik's ghost (9 damage)
             ... on level 3 of the Dungeon.
             The game lasted 00:02:57 (1985 turns).

Delanovic the Twirler (Minotaur Gladiator)          Turns: 1985, Time: 00:02:58

Health: -8/30      AC:  3    Str: 18    XL:     3   Next: 82%
Magic:  2/2        EV: 18    Int:  9    God:
Gold:   54         SH:  0    Dex: 17    Spells: 2/2 levels left

rFire    . . .     SeeInvis .   a - +0 quarterstaff
rCold    . . .     Gourm    .   (shield currently unavailable)
rNeg     . . .     Faith    .   b - +0 leather armour
rPois    .         Spirit   .   c - +0 hat
rElec    .         Reflect  .   (no cloak)
rCorr    .         Harm     .   (no gloves)
MR       .....                  (no boots)
Stlth    ++........             (no amulet)
HPRegen  0.10/turn              k - +4 ring of intelligence
MPRegen  0.08/turn              (no ring)

@: agile, flying
A: retaliatory headbutt, horns 2
a: no special abilities


You were on level 3 of the Dungeon.
You were not hungry.

You visited 1 branch of the dungeon, and saw 3 of its levels.

You collected 54 gold pieces.

Inventory:

Hand Weapons
 a - a +0 quarterstaff (weapon)
Missiles
 d - 3 throwing nets (quivered)
Armour
 b - a +0 leather armour (worn)
 c - a +0 hat (worn)
Jewellery
 k - a +4 ring of intelligence (left hand)
Scrolls
 g - 2 scrolls of teleportation {unknown}
 h - a scroll of enchant armour
 i - a scroll of remove curse {unknown}
 m - a scroll of fog {unknown}
Potions
 l - a potion of flight
Comestibles
 f - 5 rations


   Skills:
 - Level 2.4 Fighting
 + Level 5.8 Staves
 - Level 2.0 Throwing
 - Level 3.2 Dodging


You had 2 spell levels left.
You didn't know any spells.

Dungeon Overview and Level Annotations

Branches:
Dungeon (3/15)

Altars:
Okawaru
Yredelemnul

Annotations:
D:2 1 runed door
D:3 Norrik's ghost, amateur MiMo


Innate Abilities, Weirdness & Mutations

You reflexively headbutt those who attack you in melee.
You have a pair of horns on your head.


Message History

Norrik's ghost hits you!
* * * LOW HITPOINT WARNING * * *
It was a potion of flight.
You feel very buoyant.
You fly up into the air.
Norrik's ghost hits you.
* * * LOW HITPOINT WARNING * * *
As you read the scroll labeled SOECUO KUCEPH, it crumbles to dust.
It is a scroll of identify.
h - a scroll of enchant armour Norrik's ghost closely misses you.
You hit Norrik's ghost but do no damage.
Norrik's ghost says, "Live by the sword, die by the sword."
Norrik's ghost barely misses you.
You hit Norrik's ghost but do no damage.
Norrik's ghost hits you.
* * * LOW HITPOINT WARNING * * *
You sock Norrik's ghost! Your headbutt misses Norrik's ghost.
Norrik's ghost is moderately damaged.
Norrik's ghost hits you!
You die...

## ### .. ..### #### #
#. #... ..# ##.#.##!.#
#.#
##.....#..#####.########
.......................#
#...S.S..#####.######.#
......###.#####.# #.#
##.## #.SW@...# #.#
######### #.# #######.#
########.......#
#........####..#
###........#.....#
..#.....<..#.##.##
#.#............>#
#.#.......##.####


You could see Norrik's ghost and an adder.

Vanquished Creatures
  An adder (D:2)
  3 worms (D:2)
  A dart slug (D:1)
  A leopard gecko (D:2)
  An orc (D:3)
  4 bats
  2 giant cockroaches
  4 goblins
  7 hobgoblins
  2 quokkas (D:2)
  3 frilled lizards (D:2)
  A goblin zombie (D:2)
  3 kobolds
  3 rats
36 creatures vanquished.

Notes
Turn   | Place    | Note
-------+----------+-------------------------------------------
     0 | D:1      | Delanovic the Minotaur Gladiator began the quest for the Orb.
     0 | D:1      | Reached XP level 1. HP: 18/18 MP: 0/0
   189 | D:1      | Reached skill level 4 in Staves
   307 | D:1      | Reached XP level 2. HP: 25/25 MP: 1/1
   754 | D:2      | Reached skill level 5 in Staves
   882 | D:2      | Reached XP level 3. HP: 30/30 MP: 2/2
  1168 | D:2      | Found an iron altar of Okawaru.
  1703 | D:2      | Found a runed door.
  1703 | D:2      | Noticed a human
  1705 | D:2      | Found a basalt altar of Yredelemnul.
  1971 | D:3      | Noticed Norrik's ghost (amateur MiMo)
  1984 | D:3      | HP: 1/30 [Norrik's ghost (2)]
  1985 | D:3      | Mangled by Norrik's ghost

Skill      XL: |  1  2 |
---------------+-------+-----
Staves         | 4 5 |  5.8
Fighting       | |  2.4
Throwing       | |  2.0
Dodging        | |  3.2

Action                   || total
-------------------------++-------
Melee: Quarterstaff      ||    92
       Headbutt          ||     7
  Use: Potion            ||     2
       Scroll            ||     1
  Eat: Ration            ||     1
       Chunk             ||     1
Armor: Leather armour    ||    16
Dodge: Dodged            ||    57
